 Dungeon Crawl Stone Soup version 0.22.1-2-g9c5b331383 (webtiles) character file.

635 Knicklaso the Charmwright (level 7, 0/67 HPs)
             Began as a Halfling Skald on Dec 12, 2018.
             Was an Initiate of Dithmenos.
             Slain by Peloso's ghost (7 damage)
             ... on level 4 of the Dungeon.
             The game lasted 00:09:58 (4923 turns).

Knicklaso the Charmwright (Halfling Skald)          Turns: 4923, Time: 00:09:59

Health: 0/67       AC: 26    Str: 12    XL:     7   Next: 79%
Magic:  5/10       EV:  3    Int: 13    God:    Dithmenos [......]
Gold:   137        SH:  0    Dex: 14    Spells: 7/10 levels left

rFire    . . .     SeeInvis .   a - +1 dagger (elec)
rCold    . . .     Gourm    .   (shield restricted)
rNeg     + + +     Faith    .   (armour currently unavailable)
rPois    +         Spirit   .   (helmet currently unavailable)
rElec    .         Reflect  .   (cloak currently unavailable)
rCorr    .         Harm     .   (gloves currently unavailable)
MR       .....     NoTele   +   (boots currently unavailable)
Stlth    ++........             (no amulet)
HPRegen  0.21/turn              g - +3 ring of protection
MPRegen  0.12/turn              (no ring)

@: tree-form
A: small, mutation resistance 1
a: Renounce Religion


You were on level 4 of the Dungeon.
You worshipped Dithmenos.
Dithmenos was noncommittal.
You were not hungry.
You were a tree.
You visited 1 branch of the dungeon, and saw 5 of its levels.

You collected 263 gold pieces.
You spent 126 gold pieces at shops.

Inventory:

Hand Weapons
 a - a +1 dagger of electrocution (weapon)
 b - a +0 hunting sling
 w - a +0 long sword
Missiles
 p - 158 stones (quivered)
 s - 13 poisoned needles
 y - 23 sling bullets
Armour
 h - a +0 leather armour (melded)
 i - a +1 helmet (melded)
 o - a +0 pair of gloves (melded)
Jewellery
 g - a +3 ring of protection (left branch)
Scrolls
 e - 5 scrolls of identify {unknown}
 f - 4 scrolls of blinking
 j - a scroll of noise {unknown}
 l - a scroll of amnesia {unknown}
 n - 3 scrolls of teleportation
 q - 3 scrolls of immolation
 t - 2 scrolls of magic mapping {unknown}
 u - 2 scrolls of remove curse {unknown}
 z - a scroll of enchant weapon {unknown}
Potions
 c - a potion of curing {unknown}
 m - a potion of haste {unknown}
 r - a potion of lignification
 v - 2 potions of might {unknown}
 x - a potion of degeneration {unknown}
 A - a potion of flight {unknown}
Comestibles
 d - 11 rations


   Skills:
 + Level 2.9 Fighting
 * Level 4.1 Long Blades
 + Level 3.0 Armour
 + Level 3.5 Dodging
 + Level 2.7 Stealth
 + Level 2.4 Spellcasting
 * Level 5.3 Charms


You had 7 spell levels left.
You knew the following spells:

 Your Spells              Type           Power        Failure   Level  Hunger
a - Infusion              Chrm           ###.         2%          1    #......
b - Song of Slaying       Chrm           ###.....     4%          2    ###....

Your spell library contained the following spells:

 Spells                   Type           Power        Failure   Level  Hunger
 Shroud of Golubria       Chrm/Tloc      #.........   12%         2    ###....
 Regeneration             Chrm/Necr      #.........   24%         3    ###....
 Spectral Weapon          Hex/Chrm       #.......     24%         3    ###....


Dungeon Overview and Level Annotations

Branches:
Dungeon (5/15)             Temple (0/1) D:5

Altars:
Dithmenos
Elyvilon
Xom

Shops:
D:5 ?

Annotations:
D:4 Peloso's ghost, novice MiFi


Innate Abilities, Weirdness & Mutations

You are small and have problems with some larger weapons.
You are somewhat resistant to further mutation.


Message History

Peloso's ghost is almost destroyed.
Peloso's ghost hits you!
* * * LOW HITPOINT WARNING * * *
You hit Peloso's ghost but do no damage.
Peloso's ghost is almost destroyed.
Peloso's ghost hits you but does no damage.
Okay, then.
Your magical infusion is running out.
You are no longer magically infusing your attacks.
There is a stone staircase leading up here.
Peloso's ghost closely misses you.
You climb upwards.
There is a stone staircase leading down here.
Peloso's ghost says, "Live by the sword, die by the sword."
It was a potion of lignification.
You turn into a tree.
Your +1 helmet melds into your body.
Your +0 pair of gloves melds into your body.
Your +0 leather armour melds into your body.
Your roots penetrate the ground.
Peloso's ghost hits you!
You die...

...######...##..............#.#.#
.....#########..............#.#.#
#..#.##.....................#.#.#
......+................>....#.#.#
.....##........##...##.##........
##.##........#########.##........
...##........# #.......##........
....#........# #W########.....#'#
.............# #♣# #.....#.#
.............###+########........
.............##........##........
...#.........##........##........
...#.....###.##..................
##+#......##.##..................
..........##.###+####............
....#.#............##.......#####
....#.#....#.###.#.##.......#####


You could see Peloso's ghost.

Vanquished Creatures
  A sky beast (D:5)
  A bullfrog (D:4)
  A scorpion (D:4)
  2 hounds
  2 orc wizards (D:3)
  3 worker ants
  Terence (D:2)
  A hound skeleton (D:4)
  Robin (D:2)
  A worker ant zombie (D:5)
  7 adders
  A river rat (D:3)
  3 oozes
  2 worms (D:3)
  A leopard gecko (D:5)
  8 orcs
  A ball python (D:1)
  8 bats
  4 giant cockroaches
  19 goblins
  5 hobgoblins
  6 jackals
  6 kobolds
  2 quokkas
  4 frilled lizards
  6 rats
97 creatures vanquished.

Notes
Turn   | Place    | Note
-------+----------+-------------------------------------------
     0 | D:1      | Knicklaso the Halfling Skald began the quest for the Orb.
     0 | D:1      | Reached XP level 1. HP: 14/14 MP: 3/3
   100 | D:1      | Reached XP level 2. HP: 14/19 MP: 0/4
   138 | D:1      | Learned a level 2 spell: Song of Slaying
   334 | D:1      | Reached XP level 3. HP: 17/24 MP: 5/5
  1082 | D:2      | Found a white marble altar of Elyvilon.
  1323 | D:2      | Noticed Terence
  1355 | D:2      | Killed Terence
  1355 | D:2      | Reached skill level 1 in Stealth
  1355 | D:2      | Reached skill level 4 in Charms
  1355 | D:2      | Reached XP level 4. HP: 20/29 MP: 6/6
  1478 | D:2      | Noticed Robin
  1496 | D:2      | Killed Robin
  1509 | D:2      | Found a shimmering altar of Xom.
  2147 | D:3      | Reached XP level 5. HP: 34/34 MP: 2/7
  2471 | D:3      | Reached XP level 6. HP: 36/41 MP: 9/9
  3259 | D:4      | Reached XP level 7. HP: 43/45 MP: 10/10
  3276 | D:4      | Found a shadowy altar of Dithmenos.
  3298 | D:4      | Reached skill level 5 in Charms
  3310 | D:4      | Became a worshipper of Dithmenos the Shadowed
  4083 | D:5      | Entered Level 5 of the Dungeon
  4258 | D:5      | Found Atrul's Magic Scroll Shoppe.
  4266 | D:5      | Bought a scroll of teleportation for 36 gold pieces
  4266 | D:5      | Bought a scroll of blinking for 90 gold pieces
  4612 | D:5      | Found a staircase to the Ecumenical Temple.
  4785 | D:5      | Found a runed door.
  4856 | D:5      | Noticed Peloso's ghost (novice MiFi)
  4892 | D:5      | HP: 1/45 [Peloso's ghost (8)]
  4901 | D:5      | HP: 2/45 [Peloso's ghost (11)]
  4923 | D:4      | Slain by Peloso's ghost

Skill      XL: |  1  2  3  4  5  6  7 |
---------------+----------------------+-----
Fighting       | 2 |  2.9
Stealth        | 1 2 |  2.7
Charms         | 4 5 |  5.3
Spellcasting   | 2 |  2.4
Armour         | 2 3 |  3.0
Long Blades    | 3 4 |  4.1
Dodging        | 3 |  3.5

Action                   |  1- 3 |  4- 6 |  7- 9 || total
-------------------------+-------+-------+-------++-------
Melee: Falchion          |   119 |    11 |       ||   130
       Dagger            |       |   147 |   106 ||   253
 Fire: Hunting sling     |     5 |    14 |    12 ||    31
Throw: Stone             |       |       |     1 ||     1
 Cast: Infusion          |     1 |     1 |     1 ||     3
       Song of Slaying   |     2 |     2 |     3 ||     7
  Use: Potion            |       |       |     3 ||     3
 Stab: Sleeping          |       |     2 |     1 ||     3
       Distracted        |       |       |     1 ||     1
  Eat: Chunk             |     2 |     6 |     6 ||    14
Armor: Leather armour    |    26 |    36 |    31 ||    93
Dodge: Dodged            |   114 |   101 |    55 ||   270
       Rpst.: Falchion   |    39 |     1 |       ||    40
